[Event "Titled Tuesday Blitz June 21 Late 2022"]
[White "Isajevsky, Anton"]
[Black "Cappelletto, Joshuaede"]
[WhiteFideId "4142500"]
[BlackFideId "2824383"]
[WhiteElo "2510"]
[BlackElo "1761"]
[Result "1-0"]
[Round "05"]
[TimeControl "180+1"]
[Date "2022.06.22"]
[WhiteClock "0:00:07"]
[BlackClock "0:00:08"]

1. c4 g6 2. Nc3 Bg7 3. g3 d6 4. Bg2 e5 5. e3 Nc6 6. Nge2 f5 7. O-O Nf6 8. d3 O-O 9. Rb1 g5 10. f4 h6 11. b4 Qe8 12. b5 Ne7 13. Qd2 Rb8 14. Ba3 exf4 15. exf4 Qh5 16. Rbe1 Bd7 17. Bc1 g4 18. Nd4 Qf7 19. Re2 c5 20. bxc6 Nxc6 21. Ndb5 Ne8 22. Nd5 Kh8 23. Bb2 a6 24. Bxg7+ Qxg7 25. Nbc3 Nf6 26. Nb6 Rbe8 27. Nxd7 Nxd7 28. Rfe1 Rxe2 29. Rxe2 Qd4+ 30. Kf1 Nc5 31. Re3 Nb4 32. Ne2 Qa1+ 33. Kf2 Nxa2 34. d4 Ne4+ 35. Bxe4 fxe4 36. Rxe4 Qb1 37. Re6 Nb4 38. Rxh6+ Kg7 39. Rh4 Qf5 40. Nc3 Re8 41. Qd1 Nd3+ 42. Kg2 Ne1+ 43. Kf2 Nf3 44. Rxg4+ Qxg4 45. Qxf3 Qxf3+ 46. Kxf3 Rc8 47. Ne4 Rxc4 48. Nxd6 Rc2 49. Nxb7 Rb2 50. Nc5 a5 51. h4 Kf7 52. g4 Rd2 53. Ke4 Rh2 54. h5 Rg2 55. g5 Rh2 56. h6 Kg6 57. Ke5 Re2+ 58. Ne4 Rf2 59. d5 Re2 60. d6 Re1 61. d7 Rd1 62. f5+ Kh5 63. h7 Kg4 64. h8=Q Rxd7 65. Nf6+ Kf3 66. Nxd7 1-0


[Site "https://www.chess.com"]

[Event "Titled Tuesday Blitz June 21 Late 2022"]
[White "Ivic, Velimir"]
[Black "So, Wesley"]
[WhiteFideId "950122"]
[BlackFideId "5202213"]
[WhiteElo "2610"]
[BlackElo "2742"]
[Result "1-0"]
[Round "05"]
[TimeControl "180+1"]
[Date "2022.06.21"]
[WhiteClock "0:00:22"]
[BlackClock "0:00:07"]

1. e4 e5 2. Nf3 Nc6 3. Bb5 Nf6 4. d3 Bc5 5. c3 O-O 6. O-O Re8 7. Bg5 a6 8. Ba4 h6 9. Bh4 g5 10. Bg3 d6 11. Nbd2 Ba7 12. Re1 Bg4 13. h3 Bh5 14. Qc2 b5 15. Bb3 Na5 16. d4 c5 17. dxe5 dxe5 18. c4 Nc6 19. cxb5 axb5 20. Bd5 Nxd5 21. exd5 Qxd5 22. Ne4 Kg7 23. Nc3 Qd6 24. Nxb5 Qf6 25. Nd2 Nd4 26. Qc4 Re7 27. Ne4 Qa6 28. Ned6 Bg6 29. Bxe5+ Kg8 30. Bxd4 Rxe1+ 31. Rxe1 cxd4 32. Re7 Bb8 33. Re8+ Kh7 34. Qxd4 1-0


[Site "https://www.chess.com"]

[Event "Titled Tuesday Blitz June 21 Late 2022"]
[White "Janaszak, Dawid"]
[Black "Zakarian, David"]
[WhiteFideId "1119206"]
[BlackFideId "13301276"]
[WhiteElo "2199"]
[BlackElo "2454"]
[Result "1-0"]
[Round "05"]
[TimeControl "180+1"]
[Date "2022.06.22"]
[WhiteClock "0:00:12"]
[BlackClock "0:00:09"]

1. e4 c5 2. Nc3 Nc6 3. Bb5 e5 4. Nge2 Nge7 5. O-O a6 6. Bxc6 Nxc6 7. f4 d6 8. d3 Be7 9. f5 Bg5 10. Nd5 h6 11. f6 g6 12. Bxg5 hxg5 13. Qd2 g4 14. a3 Be6 15. b4 cxb4 16. axb4 Bxd5 17. exd5 Nb8 18. d4 Nd7 19. Qg5 Rc8 20. c3 Rh5 21. Qxg4 Nxf6 22. Qf3 Rf5 23. Qh3 Rxf1+ 24. Rxf1 Nd7 25. Qh8+ Ke7 26. Qh4+ Ke8 27. Qh7 Qe7 28. Kh1 Nf8 29. Qh3 Rc7 30. Qd3 exd4 31. Nxd4 Kd8 32. Qg3 Kc8 33. Re1 Qd7 34. h4 Kb8 35. Nb3 Nh7 36. Na5 Nf6 37. Qe3 Nxd5 38. Qd4 Nxc3 39. Nc4 Nb5 40. Qf4 d5 41. Nb6 Qc6 42. Na4 Ka7 43. Nc5 b6 44. Nd3 d4 45. Kh2 Qd6 46. Re5 Qe6 47. Rxe6 1-0


[Site "https://www.chess.com"]

[Event "Titled Tuesday Blitz June 21 Late 2022"]
[White "Jian, Alex"]
[Black "Aksu, Vedat Ali"]
[WhiteFideId "30901022"]
[BlackFideId "6304320"]
[WhiteElo "2111"]
[BlackElo "2297"]
[Result "0-1"]
[Round "05"]
[TimeControl "180+1"]
[Date "2022.06.22"]
[WhiteClock "0:00:03"]
[BlackClock "0:00:12"]

1. a4 c5 2. a5 a6 3. d3 Nc6 4. Bd2 d5 5. g3 Bf5 6. Bg2 e6 7. c4 d4 8. Nf3 Bd6 9. O-O Nge7 10. Nh4 Qc7 11. Nxf5 Nxf5 12. Na3 h5 13. Nc2 h4 14. b4 hxg3 15. hxg3 Bxg3 16. fxg3 Qxg3 17. Bf4 Qg6 18. Qe1 Rh4 19. b5 Rg4 20. Qf2 Nh4 21. Ne1 Ne7 22. bxa6 Rxa6 23. Kh2 Nef5 24. Rg1 Qh5 25. Bh3 Rxg1 26. Kxg1 g5 27. Bg3 g4 28. Bg2 b6 29. Bxh4 Nxh4 30. Rb1 Rxa5 31. Rxb6 Ra1 32. Rb8+ Ke7 33. Qg3 Nf5 34. Qc7+ Kf6 35. Qd8+ Ke5 36. Qc7+ Kf6 37. Qg3 Nxg3 38. Kf2 Nf5 39. Nc2 Qh4# 0-1


[Site "https://www.chess.com"]

[Event "Titled Tuesday Blitz June 21 Late 2022"]
[White "Jobava, Baadur"]
[Black "Boyer, Mahel"]
[WhiteFideId "13601520"]
[BlackFideId "45102422"]
[WhiteElo "2617"]
[BlackElo "2400"]
[Result "1-0"]
[Round "05"]
[TimeControl "180+1"]
[Date "2022.06.21"]
[WhiteClock "0:02:13"]
[BlackClock "0:00:02"]

1. e4 Nc6 2. f4 d5 3. e5 Bf5 4. Nf3 e6 5. Bb5 Ne7 6. d3 a6 7. Bxc6+ Nxc6 8. O-O Be7 9. Kh1 O-O 10. Be3 d4 11. Bg1 Qd5 12. Nbd2 Rfd8 13. h3 h6 14. Nb3 Bc5 15. c4 dxc3 16. Nxc5 cxb2 17. Rb1 b6 18. Nb3 Bxd3 19. Rxb2 Bxf1 20. Qxf1 Qd1 21. Qf2 Nb4 22. Qg3 Rd3 23. Nbd2 Nd5 24. Ne4 Kh8 25. Nf2 Rxf3 26. Qxf3 Qxf3 27. gxf3 Nxf4 28. Rd2 Nd5 29. Ne4 Kh7 30. Kg2 g5 31. Kg3 Kg6 32. Rc2 Kf5 33. Bd4 h5 34. Bb2 h4+ 35. Kf2 c5 36. Nd6+ Kg6 37. Bc1 Rd8 38. Ne4 Nf4 39. Bxf4 gxf4 40. Rb2 b5 41. Nxc5 Kf5 42. Nxa6 Rd5 43. Nc7 Rxe5 44. Nxb5 Rd5 45. a4 e5 46. a5 e4 47. fxe4+ Kxe4 48. Nc3+ 1-0


[Site "https://www.chess.com"]

[Event "Titled Tuesday Blitz June 21 Late 2022"]
[White "Kanyamarala, Trisha"]
[Black "Roque Sola, Jose Luis"]
[WhiteFideId "45004722"]
[BlackFideId "5120390"]
[WhiteElo "2134"]
[BlackElo "1983"]
[Result "1-0"]
[Round "05"]
[TimeControl "180+1"]
[Date "2022.06.22"]
[WhiteClock "0:02:07"]
[BlackClock "0:01:49"]

1. d4 Nf6 2. c4 e6 3. Nc3 Bb4 4. Qc2 O-O 5. a3 Bxc3+ 6. bxc3 b6 7. Bg5 h6 8. Bh4 Bb7 9. Nf3 Be4 10. Qd2 c5 11. Qf4 Bf5 12. e4 g5 13. Nxg5 hxg5 14. Bxg5 Bg6 15. Bxf6 1-0


[Site "https://www.chess.com"]

[Event "Titled Tuesday Blitz June 21 Late 2022"]
[White "Khan, Taffin"]
[Black "Flynn, Jacob"]
[WhiteFideId "19700024"]
[BlackFideId "2509393"]
[WhiteElo "1972"]
[BlackElo "1896"]
[Result "0-1"]
[Round "05"]
[TimeControl "180+1"]
[Date "2022.06.22"]
[WhiteClock "0:00:27"]
[BlackClock "0:00:03"]

1. e4 c5 2. Nf3 e6 3. c3 Nf6 4. e5 Nd5 5. Bc4 Nb6 6. Bb3 c4 7. Bc2 d6 8. d4 cxd3 9. Qxd3 Nc6 10. Bf4 dxe5 11. Qxd8+ Nxd8 12. Nxe5 f6 13. Nf3 e5 14. Bc1 Be6 15. Nbd2 Nc6 16. O-O Be7 17. Bb3 Bxb3 18. axb3 O-O-O 19. Nc4 Nxc4 20. bxc4 e4 21. Nd2 f5 22. Nb3 g6 23. Be3 a6 24. g3 Ne5 25. Bd4 Bf6 26. f4 Nf3+ 27. Rxf3 Bxd4+ 28. Nxd4 exf3 29. Nxf3 Rd3 30. Ne5 Rd2 31. b4 Rc2 32. b5 Rd8 33. bxa6 bxa6 34. h4 Rdd2 35. c5 Rxc3 36. c6 Rxg3+ 37. Kf1 Rh3 38. Kg1 Rg3+ 39. Kf1 Rc3 40. Ke1 Rh2 41. Rxa6 Rc1# 0-1


[Site "https://www.chess.com"]

[Event "Titled Tuesday Blitz June 21 Late 2022"]
[White "Khismatullin, Denis"]
[Black "Dardha, Daniel"]
[WhiteFideId "4142578"]
[BlackFideId "240990"]
[WhiteElo "2543"]
[BlackElo "2482"]
[Result "1/2-1/2"]
[Round "05"]
[TimeControl "180+1"]
[Date "2022.06.21"]
[WhiteClock "0:00:10"]
[BlackClock "0:00:09"]

1. Nf3 d5 2. e3 c6 3. c4 Nf6 4. Nc3 e6 5. b3 Bd6 6. Bb2 O-O 7. Be2 e5 8. cxd5 cxd5 9. Nb5 Nc6 10. Nxd6 Qxd6 11. d4 e4 12. Ne5 Nd7 13. Nxc6 bxc6 14. Rc1 Re8 15. Qc2 Re6 16. h4 Nf8 17. Qc5 Qd8 18. Ba3 Nd7 19. Qc3 Nf6 20. g4 h6 21. g5 hxg5 22. hxg5 Nh7 23. Kd2 Nxg5 24. Rh5 g6 25. Rh6 Qf6 26. Qc5 Bd7 27. Rch1 Kg7 28. R1h2 Ree8 29. Ke1 a5 30. Qd6 Qxd6 31. Bxd6 f6 32. Bf4 Nf7 33. Rh7+ Kg8 34. Kd2 Bf5 35. Bg3 g5 36. R7h5 Kg7 37. Kc3 a4 38. b4 Bg6 39. R5h3 Bf5 40. Rh5 Bg6 41. R5h3 a3 42. Rh1 Bf5 43. Rh5 Bg6 44. R5h2 Red8 45. Bg4 Nd6 46. Be6 Nb5+ 47. Kb3 Ra7 48. Bg4 Nd6 49. Be2 Nf5 50. Rc1 Nxg3 51. fxg3 Be8 52. Bg4 Rb7 53. Bf5 Bg6 54. Bxg6 Kxg6 55. Kxa3 Rdb8 56. Rb2 Ra8+ 57. Kb3 Rab8 58. a3 Rb6 59. Rbc2 Rc8 60. Rc5 Kf5 61. b5 Rcb8 62. a4 cxb5 63. a5 Rd6 64. Kb4 Kg4 65. Rc6 Rxc6 66. Rxc6 f5 67. a6 Kxg3 68. Rc5 f4 69. Rxd5 fxe3 70. Rxg5+ Kf3 71. Rf5+ Kg4 72. Rf1 e2 73. Ra1 Kf3 74. d5 Kf2 75. a7 Ra8 76. d6 e1=Q+ 77. Rxe1 Kxe1 78. d7 e3 79. Kxb5 e2 80. Kc6 Kf2 81. Kb7 Rd8 82. a8=Q Rxa8 83. Kxa8 e1=Q 84. d8=Q Qa1+ 85. Kb8 Qb2+ 86. Kc8 Qc3+ 87. Qc7 Qxc7+ 88. Kxc7 1/2-1/2


[Site "https://www.chess.com"]

[Event "Titled Tuesday Blitz June 21 Late 2022"]
[White "Koc, Przemyslaw"]
[Black "Aldokhin, Ivan"]
[WhiteFideId "1109081"]
[BlackFideId "24115720"]
[WhiteElo "2482"]
[BlackElo "2610"]
[Result "1-0"]
[Round "05"]
[TimeControl "180+1"]
[Date "2022.06.22"]
[WhiteClock "0:01:15"]
[BlackClock "0:00:08"]

1. d4 d5 2. Nf3 Nf6 3. c3 Bf5 4. Qb3 Qc8 5. Bg5 e6 6. Nbd2 Be7 7. e3 Nbd7 8. Nh4 Bg6 9. Nxg6 hxg6 10. Bd3 c5 11. Qd1 e5 12. dxe5 Nxe5 13. Bb5+ Kf8 14. Nf3 Nxf3+ 15. Qxf3 a6 16. Be2 Qe6 17. O-O-O Rd8 18. Kb1 b5 19. h3 Ne4 20. Bxe7+ Kxe7 21. Bd3 f5 22. Bxe4 dxe4 23. Qf4 c4 24. Qc7+ Rd7 25. Rxd7+ Qxd7 26. Qxd7+ Kxd7 27. Rd1+ Ke6 28. Rd4 g5 29. a4 Rc8 30. Ka2 g6 31. Ka3 Rc5 32. Kb4 Re5 33. Rd8 bxa4 34. Re8+ Kd5 35. Rxe5+ Kxe5 36. Kxc4 g4 37. hxg4 f4 38. exf4+ Kxf4 39. Kd4 g5 40. c4 e3 41. fxe3+ Kxg4 42. e4 Kg3 43. e5 Kxg2 44. e6 g4 45. e7 g3 46. e8=Q Kh2 47. Qh5+ Kg1 48. c5 g2 49. c6 Kf1 50. Qf3+ 1-0


[Site "https://www.chess.com"]

[Event "Titled Tuesday Blitz June 21 Late 2022"]
[White "Koellner, Ruben Gideon"]
[Black "Prydun, Andriy"]
[WhiteFideId "12993093"]
[BlackFideId "14145898"]
[WhiteElo "2547"]
[BlackElo "2063"]
[Result "1-0"]
[Round "05"]
[TimeControl "180+1"]
[Date "2022.06.22"]
[WhiteClock "0:01:31"]
[BlackClock "0:00:04"]

1. d4 Nf6 2. Bg5 Ne4 3. Bf4 d5 4. e3 c6 5. Bd3 Nd6 6. Nd2 Bf5 7. Bxd6 Bxd3 8. Bxb8 Ba6 9. Bg3 e6 10. Ne2 Be7 11. O-O Qb6 12. b3 h5 13. h3 g5 14. c4 O-O-O 15. Qc2 Rdg8 16. a4 h4 17. Bh2 g4 18. hxg4 Rxg4 19. Kh1 Qd8 20. Bf4 Qg8 21. Rg1 Bb4 22. Nf3 f6 23. Rab1 Kd7 24. Nc1 Bd6 25. Bxd6 Kxd6 26. Nd3 Re4 27. Nc5 f5 28. Nxe4+ fxe4 29. Ne5 Qg3 30. Nf7+ Ke7 31. fxg3 1-0


[Site "https://www.chess.com"]

[Event "Titled Tuesday Blitz June 21 Late 2022"]
[White "Kovacevic, Radmila"]
[Black "Taboas Rodriguez, Daniel"]
[WhiteFideId "933171"]
[BlackFideId "2208466"]
[WhiteElo "2115"]
[BlackElo "2429"]
[Result "0-1"]
[Round "05"]
[TimeControl "180+1"]
[Date "2022.06.22"]
[WhiteClock "0:00:02"]
[BlackClock "0:00:12"]

1. e4 e6 2. d4 d5 3. Nc3 Nc6 4. Nf3 Nf6 5. Bd3 Nb4 6. e5 Nd7 7. Be2 c5 8. a3 Nc6 9. dxc5 Bxc5 10. b4 Bb6 11. Bf4 O-O 12. O-O f6 13. exf6 Qxf6 14. Bd6 Re8 15. Nb5 Nde5 16. Nxe5 Nxe5 17. Kh1 Nf7 18. Bc7 Rf8 19. c4 Bd7 20. Bxb6 Bxb5 21. Bc5 Bxc4 22. Bxc4 dxc4 23. Bxf8 Rxf8 24. Qd7 Ne5 25. Qxb7 Ng4 26. f3 Nf2+ 27. Kg1 Qd4 28. Rxf2 Qxa1+ 29. Rf1 Qd4+ 30. Kh1 c3 31. Qc6 Rd8 32. Qxe6+ Kh8 33. Re1 h6 34. h3 c2 35. Qe7 Qd1 36. Kh2 c1=Q 37. Qxd8+ Qxd8 38. Rxc1 Qd6+ 39. Kh1 Qd3 40. a4 Qa3 41. Rc8+ Kh7 42. Rc7 Qa1+ 0-1


[Site "https://www.chess.com"]

[Event "Titled Tuesday Blitz June 21 Late 2022"]
[White "Koziorowicz, Michal"]
[Black "Pakleza, Zbigniew"]
[WhiteFideId "21809194"]
[BlackFideId "1119290"]
[WhiteElo "2202"]
[BlackElo "2467"]
[Result "1-0"]
[Round "05"]
[TimeControl "180+1"]
[Date "2022.06.21"]
[WhiteClock "0:00:36"]
[BlackClock "0:00:01"]

1. e4 d6 2. d4 Nf6 3. Nc3 c6 4. Be3 Qb6 5. Qd2 Qxb2 6. Rb1 Qa3 7. f3 e6 8. g4 d5 9. e5 Nfd7 10. Nge2 a6 11. f4 b5 12. Rb3 Qa5 13. f5 Nb6 14. Nf4 exf5 15. gxf5 Bxf5 16. Bd3 Nc4 17. Bxc4 bxc4 18. Rb1 Bb4 19. Nfe2 Nd7 20. O-O Bg6 21. a3 Bxc3 22. Nxc3 O-O 23. Rb7 Rad8 24. Bg5 f6 25. Bh4 Rfe8 26. exf6 gxf6 27. Rxf6 Nxf6 28. Bxf6 Rb8 29. Rg7+ Kf8 30. Qh6 Rb1+ 31. Kg2 Qxc3 32. Re7+ Kg8 33. Qg7# 1-0


[Site "https://www.chess.com"]

[Event "Titled Tuesday Blitz June 21 Late 2022"]
[White "Kravtsiv, Martyn"]
[Black "Ambartsumova, Karina"]
[WhiteFideId "14113147"]
[BlackFideId "4166299"]
[WhiteElo "2694"]
[BlackElo "2262"]
[Result "1-0"]
[Round "05"]
[TimeControl "180+1"]
[Date "2022.06.21"]
[WhiteClock "0:00:09"]
[BlackClock "0:00:07"]

1. e4 c5 2. Nf3 e6 3. d4 cxd4 4. Nxd4 a6 5. c4 Nf6 6. Bd3 Qc7 7. O-O Be7 8. Nc3 d6 9. b3 O-O 10. Bb2 b6 11. Rc1 Bb7 12. g4 Nfd7 13. Bb1 Qd8 14. Qc2 Nc6 15. Nce2 Nxd4 16. Nxd4 Rc8 17. Rcd1 g6 18. Qe2 Bf6 19. Nf3 Qe7 20. h3 Rfd8 21. Bc1 Bg7 22. Bg5 Bf6 23. Bf4 e5 24. Be3 Nc5 25. Nd2 Bg5 26. Nf3 Bxe3 27. Qxe3 Qc7 28. Nd2 Ne6 29. Nf3 Nf4 30. Nh4 Qc5 31. Kh2 a5 32. Rd2 Bc6 33. Rfd1 a4 34. Qxc5 bxc5 35. Rxd6 Rxd6 36. Rxd6 axb3 37. axb3 Kg7 38. Ng2 Ne2 39. f4 exf4 40. Bd3 f3 41. Bxe2 fxe2 42. Rd2 Bxe4 43. Rxe2 Bc6 44. Nf4 Rb8 45. Re3 h6 46. Kg3 Rd8 47. Nd3 Rc8 48. Nxc5 h5 49. Nd3 hxg4 50. hxg4 Rb8 51. Ne5 Be8 52. Rc3 f6 53. Nf3 Bc6 54. Nd4 Be4 55. c5 f5 56. c6 Kf6 57. c7 Rc8 58. Nb5 Ke7 59. Na7 Kd7 60. Nxc8 Kxc8 61. Kf4 Bb7 62. g5 Be4 63. b4 Bg2 64. b5 Be4 65. b6 Bb7 66. Re3 Be4 67. Rxe4 fxe4 68. Kxe4 1-0


[Site "https://www.chess.com"]

[Event "Titled Tuesday Blitz June 21 Late 2022"]
[White "Leiva, Gianmarco"]
[Black "Toncheva, Nadya"]
[WhiteFideId "3804399"]
[BlackFideId "2924056"]
[WhiteElo "2722"]
[BlackElo "2527"]
[Result "1-0"]
[Round "05"]
[TimeControl "180+1"]
[Date "2022.06.22"]
[WhiteClock "0:00:06"]
[BlackClock "0:00:06"]

1. e4 c5 2. Nf3 d6 3. d4 cxd4 4. Nxd4 Nf6 5. Nc3 Nc6 6. Bg5 e6 7. Qd2 a6 8. O-O-O Bd7 9. f4 b5 10. e5 dxe5 11. Nxc6 Bxc6 12. Qxd8+ Rxd8 13. Rxd8+ Kxd8 14. fxe5 h6 15. Bh4 g5 16. Bg3 Nd7 17. h4 Bg7 18. a4 bxa4 19. Bxa6 Nxe5 20. Re1 Ng6 21. hxg5 hxg5 22. Ne4 g4 23. Kb1 Rh5 24. b4 axb3 25. cxb3 Ra5 26. Rd1+ Bd5 27. Bd3 Bxb3 28. Bc2+ Bd5 29. Kc1 Ke7 30. Bd6+ Kd7 31. Nc5+ Kc6 32. Nb3 Ra4 33. Bg3 Rc4 34. Nd2 Rb4 35. Rf1 Bb2+ 36. Kd1 Bc3 37. Rxf7 Rd4 38. Rc7+ Kb6 39. Rxc3 Ne5 40. Bxe5 Rb4 41. Bd6 Rb5 42. g3 Ra5 43. Bc7+ Ka6 44. Bxa5 Kxa5 45. Be4 Kb4 46. Re3 Kc5 47. Bxd5 exd5 48. Ke2 d4 49. Re4 Kd5 50. Kd3 Kc5 51. Rxd4 1-0


[Site "https://www.chess.com"]

[Event "Titled Tuesday Blitz June 21 Late 2022"]
[White "Levine, Joseph"]
[Black "Deac, Bogdan-Daniel"]
[WhiteFideId "30940346"]
[BlackFideId "1226380"]
[WhiteElo "1802"]
[BlackElo "2648"]
[Result "0-1"]
[Round "05"]
[TimeControl "180+1"]
[Date "2022.06.21"]
[WhiteClock "0:00:03"]
[BlackClock "0:00:03"]

1. e4 c5 2. Nf3 d6 3. d4 cxd4 4. Nxd4 Nf6 5. Nc3 a6 6. Bd3 g6 7. O-O Bg7 8. Be2 O-O 9. Be3 b5 10. Bf3 e5 11. Nb3 Bb7 12. Qd3 Qc7 13. Rfd1 Rd8 14. Bg5 h6 15. Bxf6 Bxf6 16. Nd5 Bxd5 17. Qxd5 Nc6 18. c3 Ne7 19. Qd3 Rab8 20. Rac1 Bg5 21. Rc2 a5 22. g3 h5 23. h4 Bh6 24. Kg2 a4 25. Nd2 Kg7 26. Nf1 Ng8 27. Ne3 Bxe3 28. Qxe3 b4 29. Qd3 b3 30. axb3 Rxb3 31. Rcd2 a3 32. bxa3 Rxa3 33. Rc2 Nf6 34. Qd2 Qc5 35. Rdc1 d5 36. exd5 e4 37. Be2 Rxd5 38. Qe3 Qc6 39. c4 Rda5 40. Rc3 Ra2 41. R1c2 Ra1 42. c5 R5a4 43. Rc4 R4a3 44. R2c3 R3a2 45. Rc2 Ra8 46. Kh2 R1a3 47. R2c3 Ra1 48. Rc1 R1a7 49. Bf1 Ng4+ 0-1


[Site "https://www.chess.com"]

[Event "Titled Tuesday Blitz June 21 Late 2022"]
[White "Livaic, Leon"]
[Black "Mickiewicz, Piotr"]
[WhiteFideId "14531534"]
[BlackFideId "1114891"]
[WhiteElo "2540"]
[BlackElo "2209"]
[Result "1-0"]
[Round "05"]
[TimeControl "180+1"]
[Date "2022.06.21"]
[WhiteClock "0:00:37"]
[BlackClock "0:00:07"]

1. e4 c5 2. Nf3 e6 3. d3 Nc6 4. g3 d6 5. Bg2 Nf6 6. O-O Be7 7. b3 O-O 8. Bb2 e5 9. Nc3 a6 10. a4 Bg4 11. h3 Bxf3 12. Bxf3 Nd4 13. Bg2 b5 14. f4 b4 15. Ne2 Nd7 16. h4 Bf6 17. Bh3 Nxe2+ 18. Qxe2 exf4 19. Bxf6 Nxf6 20. gxf4 Re8 21. Qf2 Ra7 22. Kh2 Rae7 23. Rg1 g6 24. Rg5 h6 25. Rg2 Kh8 26. f5 g5 27. hxg5 hxg5 28. Rxg5 Nh7 29. Rh5 f6 30. Rg1 d5 31. Bg2 Qd6+ 32. Kh1 Rg8 33. Bf3 Rxg1+ 34. Qxg1 Rg7 35. Qh2 Qxh2+ 36. Kxh2 d4 37. e5 fxe5 38. f6 Rg5 39. Rh6 Rf5 40. Be4 Rf2+ 41. Kg3 Rxf6 42. Rxh7+ Kg8 43. Rc7 Kf8 44. Rxc5 Rf1 45. Rxe5 Rc1 46. Rc5 a5 47. Kf4 Ke7 48. Ke5 Rg1 49. Kxd4 Kd6 50. Rxa5 1-0


[Site "https://www.chess.com"]

[Event "Titled Tuesday Blitz June 21 Late 2022"]
[White "Lobanov, Sergei"]
[Black "Papp, Levente"]
[WhiteFideId "24183750"]
[BlackFideId "751243"]
[WhiteElo "2524"]
[BlackElo "2308"]
[Result "1/2-1/2"]
[Round "05"]
[TimeControl "180+1"]
[Date "2022.06.21"]
[WhiteClock "0:00:13"]
[BlackClock "0:00:05"]

1. Nf3 Nf6 2. b3 c5 3. Bb2 d5 4. e3 e6 5. c4 Be7 6. Be2 O-O 7. O-O Nc6 8. cxd5 exd5 9. d4 Be6 10. Nc3 cxd4 11. Nxd4 Nxd4 12. Qxd4 Qa5 13. Rfd1 Rfd8 14. Bf3 Rac8 15. Rd3 b5 16. Rad1 b4 17. Na4 h6 18. R3d2 Rd7 19. h3 Rdc7 20. Qf4 Rc2 21. Be5 Nd7 22. Bd6 Bg5 23. Qg3 Rxd2 24. Rxd2 Bf6 25. Qf4 Rc1+ 26. Kh2 Qa6 27. Be2 Qc6 28. Qxb4 Qxd6+ 29. Qxd6 Be5+ 30. Qxe5 Nxe5 31. f4 Nc6 32. Bf3 Nb4 33. a3 Nc2 34. Bxd5 Nxe3 35. Bc4 Bxc4 36. Rd8+ Kh7 37. bxc4 Rxc4 38. Nb2 Rxf4 39. Rd3 Nf5 40. Rd7 Rf2 41. Nd3 Rd2 42. Rxf7 Rxd3 43. Rxf5 Rxa3 44. h4 Kg6 45. g4 Ra2+ 46. Kg3 Ra3+ 47. Kf4 Ra4+ 48. Kg3 Kh7 49. Rf7 Kg8 50. Rb7 Kh7 51. h5 a5 52. Ra7 Ra3+ 53. Kf4 a4 54. Ra8 Ra1 55. Kg3 a3 56. Kg2 Ra2+ 57. Kg3 Ra1 58. Kg2 Ra2+ 59. Kg3 Ra1 1/2-1/2


[Site "https://www.chess.com"]

[Event "Titled Tuesday Blitz June 21 Late 2022"]
[White "Lopez Gracia, Fernando"]
[Black "Artemenko, Oleg"]
[WhiteFideId "2207184"]
[BlackFideId "14201798"]
[WhiteElo "2476"]
[BlackElo "2287"]
[Result "1/2-1/2"]
[Round "05"]
[TimeControl "180+1"]
[Date "2022.06.22"]
[WhiteClock "0:00:50"]
[BlackClock "0:00:10"]

1. c4 e5 2. Nc3 Nc6 3. Nf3 Nf6 4. e4 Bb4 5. d3 d6 6. Be2 O-O 7. O-O h6 8. Ne1 Nd4 9. f4 a5 10. a3 Bc5 11. Kh1 Nxe2 12. Qxe2 Bg4 13. Nf3 Nh5 14. f5 c6 15. Rb1 a4 16. Qc2 Qa5 17. Bd2 Qa7 18. b4 axb3 19. Qxb3 Rfb8 20. a4 Be3 21. Bxe3 Qxe3 22. Nd1 Qa7 23. Nb2 Nf4 24. Qc2 f6 25. g3 Nh5 26. Kg2 b5 27. Ng1 bxa4 28. c5 a3 29. Nc4 Rxb1 30. Rxb1 Qxc5 31. h3 a2 32. Ra1 Bxf5 33. exf5 d5 34. Rxa2 Rxa2 35. Qxa2 dxc4 36. Qxc4+ Qd5+ 37. Kf2 Kf7 38. Ne2 Ke7 39. Qb4+ Kf7 40. Qc4 Ke7 41. Qxd5 cxd5 42. g4 Nf4 43. Nxf4 exf4 44. Kf3 Kd6 45. Kxf4 Kc5 46. Ke3 Kd6 47. Kd4 Kc6 48. Kc3 Kc5 49. d4+ Kb5 50. Kb3 Ka5 51. Ka3 Kb5 52. Kb3 Ka5 53. Ka3 Kb5 54. Kb3 1/2-1/2


[Site "https://www.chess.com"]

[Event "Titled Tuesday Blitz June 21 Late 2022"]
[White "Lopez Perdomo, Juan David"]
[Black "Mangialardo, Tiago Carvalho"]
[WhiteFideId "4405137"]
[BlackFideId "2130718"]
[WhiteElo "1997"]
[BlackElo "2087"]
[Result "1-0"]
[Round "05"]
[TimeControl "180+1"]
[Date "2022.06.22"]
[WhiteClock "0:00:55"]
[BlackClock "0:00:02"]

1. e4 e5 2. Nf3 Nc6 3. Bb5 a6 4. Ba4 Nf6 5. d3 d6 6. h3 Be7 7. c3 O-O 8. O-O b5 9. Bc2 Na5 10. Re1 c5 11. Nbd2 Nc6 12. Nf1 Re8 13. Ne3 Bb7 14. Nd5 Nxd5 15. exd5 Nb8 16. d4 Bf6 17. dxc5 dxc5 18. d6 Re6 19. Qd3 e4 20. Qd1 exf3 21. Rxe6 fxe6 22. Qd3 g6 23. Bf4 e5 24. Bh6 c4 25. Qe3 Qxd6 26. Rd1 Qe7 27. g4 Nd7 28. Be4 Bxe4 29. Qxe4 Re8 30. Qb7 Nc5 31. Qd5+ Kh8 32. Be3 Nd3 33. b3 e4 34. bxc4 Qe5 35. Qc6 bxc4 36. Bd4 Qe6 37. Bxf6+ Kg8 38. Qa4 Qxf6 39. Qxe8+ Kg7 40. Qxe4 Ne5 41. Rd5 Nd3 42. Rd7+ Kh6 43. Qe3+ g5 44. Re7 Nf4 45. Qe4 Nxh3+ 46. Kh2 Nf4 47. Rxh7# 1-0


[Site "https://www.chess.com"]

[Event "Titled Tuesday Blitz June 21 Late 2022"]
[White "Maltsevskaya, Aleksandra"]
[Black "Konaplev, Anton"]
[WhiteFideId "24174041"]
[BlackFideId "24165646"]
[WhiteElo "2243"]
[BlackElo "2208"]
[Result "1-0"]
[Round "05"]
[TimeControl "180+1"]
[Date "2022.06.22"]
[WhiteClock "0:00:04"]
[BlackClock "0:00:01"]

1. Nf3 Nf6 2. g3 d5 3. d3 c6 4. Nbd2 Bg4 5. Bg2 Nbd7 6. O-O e5 7. e4 Bd6 8. h3 Bh5 9. Qe2 O-O 10. c3 dxe4 11. Nxe4 Nxe4 12. dxe4 Bc5 13. Rd1 Qc7 14. Be3 Bxe3 15. Qxe3 Rfd8 16. Rd3 Bxf3 17. Bxf3 Nf8 18. Rad1 b6 19. Bg4 g6 20. h4 Qe7 21. h5 c5 22. h6 Rxd3 23. Rxd3 Rd8 24. Rd5 Rxd5 25. exd5 f5 26. Be2 Qd6 27. Qg5 Kf7 28. Qh4 Qe7 29. Qa4 Qc7 30. Bc4 Ke7 31. d6+ Kxd6 32. Qe8 Qe7 33. Qb8+ Kc6 34. b4 cxb4 35. cxb4 Nd7 36. Qc8+ Kd6 37. a3 e4 38. Qb7 Ne5 39. Qb8+ Kc6 40. Be2 Nf3+ 41. Bxf3 exf3 42. Qa8+ Kb5 43. Qxf3 Ka4 44. Qc3 Qe4 45. Qg7 f4 46. Qxh7 fxg3 47. Qd7+ 1-0


[Site "https://www.chess.com"]

[Event "Titled Tuesday Blitz June 21 Late 2022"]
[White "Martin Carmona, Gaston Manuel"]
[Black "Silvestre, Christian"]
[WhiteFideId "22284567"]
[BlackFideId "30956269"]
[WhiteElo "2162"]
[BlackElo "2433"]
[Result "1-0"]
[Round "05"]
[TimeControl "180+1"]
[Date "2022.06.22"]
[WhiteClock "0:01:23"]
[BlackClock "0:00:01"]

1. d4 Nf6 2. Nf3 b6 3. g3 Bb7 4. Bg2 e6 5. c4 Bb4+ 6. Bd2 Be7 7. O-O O-O 8. Nc3 c5 9. d5 exd5 10. Nh4 d6 11. cxd5 g6 12. a4 a6 13. e4 Nbd7 14. Nf3 Re8 15. Re1 Bf8 16. Qc2 Qc7 17. Bf4 Nh5 18. Bg5 h6 19. Be3 Bg7 20. h3 Nhf6 21. Nd2 c4 22. f4 Nc5 23. Nxc4 Rac8 24. b3 Nh5 25. Bf2 Nd7 26. Rac1 g5 27. fxg5 hxg5 28. Qe2 Nhf6 29. Kh2 g4 30. hxg4 Qb8 31. Qf3 b5 32. axb5 axb5 33. Nxb5 Bxd5 34. Nbxd6 Bxc4 35. Nxe8 Rxe8 36. bxc4 Ne5 37. Qf4 Nfxg4+ 38. Kg1 Bh6 39. Qf5 Bxc1 40. Rxc1 Qb2 41. Rf1 Nxf2 42. Rxf2 1-0


[Site "https://www.chess.com"]